 Dungeon Crawl Stone Soup version 0.28-a0-8-g6e044cf (webtiles) character file.

Game seed: 2824013932761651800

1128 MrTaco21 the Basher (level 8, -3/46 HPs)
             Began as a Gargoyle Fighter on July 24, 2021.
             Slain by a river rat (7 damage)
             ... on level 6 of the Dungeon.
             The game lasted 00:09:31 (7108 turns).

MrTaco21 the Basher (Gargoyle Fighter)              Turns: 7108, Time: 00:09:32

Health: -3/46      AC: 14    Str: 21    XL:     8   Next: 35%
Magic:  8/8        EV:  7    Int: 10    God:
Gold:   222        SH:  9    Dex:  9    Spells: 7/7 levels left

rFire   . . .      SeeInvis .   a - +0 flail
rCold   . . .      Faith    .   c - +0 kite shield
rNeg    + . .      Spirit   .   b - +0 scale mail
rPois   ∞          Reflect  .   l - +0 helmet
rElec   +          Harm     .   (no cloak)
rCorr   .          Rampage  .   y - +0 pair of gloves
Will    .....                   (no boots)
Stlth   ..........              (no amulet)
HPRegen 0.15/turn               (no ring)
MPRegen 0.11/turn               (no ring)

@: no status effects
A: sickness immunity, AC +5, negative energy resistance 1, electricity
resistance, torment resistance 1, petrification resistance
a: no special abilities


You were on level 6 of the Dungeon.
You visited 1 branch of the dungeon, and saw 6 of its levels.

You collected 222 gold pieces.

Inventory:

Hand Weapons
 a - a +0 flail (weapon)
Missiles
 g - 42 poisoned darts (quivered)
Armour
 b - a +0 scale mail (worn)
 c - a +0 kite shield (worn)
 l - a +0 helmet (worn)
   (You took it off Robin on level 2 of the Dungeon)
 y - a +0 pair of gloves (worn)
   (You found it on level 5 of the Dungeon)
Jewellery
 m - an amulet of faith {!P}
   (You found it on level 3 of the Dungeon)
Wands
 d - a wand of iceblast (7)
   (You found it on level 5 of the Dungeon)
 p - a wand of polymorph (5)
   (You took it off a goblin on level 4 of the Dungeon)
Scrolls
 e - 5 scrolls of identify {unknown}
 h - a scroll of immolation {unknown}
 k - 2 scrolls of vulnerability {unknown}
 q - 2 scrolls of amnesia {unknown}
 r - 3 scrolls of teleportation {unknown}
 u - a scroll of fog {unknown}
 v - a scroll of enchant armour {unknown}
 w - a scroll of acquirement {unknown}
 x - 2 scrolls of enchant weapon {unknown}
Potions
 f - a potion of heal wounds {unknown}
 i - 2 potions of attraction {unknown}
 j - a potion of magic {unknown}
 n - 2 potions of lignification {unknown}
 o - a potion of mutation {unknown}
 s - 2 potions of curing {unknown}
 t - a potion of ambrosia {unknown}
 z - 5 potions of might


   Skills:
 - Level 3.2 Fighting
 + Level 9.8 Maces & Flails
 - Level 3.2 Armour
 - Level 3.2 Shields


You had 7 spell levels left.
You didn't know any spells.
Your spell library contained the following spells:

 Spells                   Type           Power      Damage    Failure   Level
 Sandblast                Erth           0%         2d4       99%         1
 Corpse Rot               Necr/Air       N/A        N/A       100%        2
 Passwall                 Tmut/Erth      0%         N/A       100%        2
 Dispel Undead            Necr           0%         3d6       100%        4
 Lee's Rapid Deconstruct  Erth           0%         3d5*      100%        5
 Conjure Ball Lightning   Conj/Air       0%         3x3d6     100%        6
 Death Channel            Necr           0%         N/A       100%        6
 Discord                  Hex            0%         N/A       100%        8
 Disjunction              Tloc           0%         N/A       100%        8


Dungeon Overview and Level Annotations

Branches:
Dungeon (6/15)
 Temple: D:4-7

Altars:
Trog
Xom

Shops:
D:5 [

Portals:
Sewer: D:6


Innate Abilities, Weirdness & Mutations

You are immune to sickness and miasma.
Your stone body is resilient. (AC +5)
You are immune to poison.
You resist negative energy. (rN+)
You are resistant to electric shocks. (rElec)
You are resistant to unholy torment.
You are immune to petrification.


Message History

A wight comes into view. It is wielding a +0 mace.
g - 42 poisoned darts (gained 1)
A river rat comes into view.
You are too injured to fight recklessly!
You are too injured to fight recklessly!
You are too injured to fight recklessly!
You are too injured to fight recklessly!
You are too injured to fight recklessly!
You are too injured to fight recklessly!
You are too injured to fight recklessly!
You are too injured to fight recklessly!
You are too injured to fight recklessly!
You are too injured to fight recklessly!
You are too injured to fight recklessly!
You are too injured to fight recklessly!
You are too injured to fight recklessly!
You are too injured to fight recklessly!
You are too injured to fight recklessly!
You are too injured to fight recklessly!
You are too injured to fight recklessly!
You barely miss the ball python. The ball python barely misses you.
You block the ball python's attack.
You hit the ball python.
You kill the ball python!
Things that are here:
a +0 great sword; a +0 robe You closely miss the wight.
You block the wight's attack.
You closely miss the wight. The wight hits you but does no damage.
You thump the wight! The river rat barely misses you.
The wight hits you but does no damage.
Your shield and scale mail prevent you from hitting the wight.
The river rat bites you but does no damage.
The wight hits you with a +0 mace.
* * * LOW HITPOINT WARNING * * *
You barely miss the wight.
The river rat bites you but does no damage.
You block the wight's attack.
The river rat bites you but does no damage.
Unknown command.
You completely miss the wight. The wight hits you with a +0 mace.
* * * LOW HITPOINT WARNING * * *
You block the river rat's attack.
Unknown command.
You closely miss the wight. The wight hits you with a +0 mace.
* * * LOW HITPOINT WARNING * * *
The river rat twitches its whiskers.
The river rat barely misses you. The wight hits you with a +0 mace.
* * * LOW HITPOINT WARNING * * *
You completely miss the wight. The river rat bites you!
You die...

.. ........[.# ##
. #.#...####..#
..##.#.....#..#..#
........#..#..#..#
≈≈≈≈≈ #....#..#..#
≈≈≈≈≈##.#.)......#
.....≈≈.#........#
.....≈≈.#.####...#
..∩..≈z@..#
#..####
...≈.≈r)(.#
#.....#
.....≈≈...#
#.#.###
≈≈≈≈≈##.### #...#
≈≈≈≈≈ #.# #####
.... ..# ... ####
...


You could see a wight and a river rat.

Vanquished Creatures
  2 ogres
  A necrophage (D:5)
  A gnoll sergeant (D:5)
  A bullfrog (D:5)
  3 scorpions
  A water moccasin skeleton (D:5)
  2 wights (D:6)
  2 hounds
  A bullfrog skeleton (D:4)
  3 iguanas
  Robin (D:2)
  7 gnolls
  7 adders
  A white imp (D:6)
  An adder skeleton (D:4)
  4 dart slugs
  4 orcs
  5 endoplasms
  9 giant cockroaches
  12 goblins
  15 hobgoblins
  8 jackals
  5 quokkas
  8 ball pythons
  4 bats
  6 frilled lizards
  6 kobolds
  11 rats
131 creatures vanquished.

Vanquished Creatures (others)
  A hobgoblin (D:4)
  3 fungi (D:2)
4 creatures vanquished.

Grand Total: 135 creatures vanquished

Notes
Turn   | Place    | Note
-------+----------+-------------------------------------------
     0 | D:1      | MrTaco21 the Gargoyle Fighter began the quest for the Orb.
     0 | D:1      | Reached XP level 1. HP: 14/14 MP: 1/1
   408 | D:1      | Reached XP level 2. HP: 19/19 MP: 2/2
   542 | D:1      | Reached skill level 3 in Maces & Flails
   711 | D:1      | Reached XP level 3. HP: 18/23 MP: 3/3
  1340 | D:2      | Reached skill level 4 in Maces & Flails
  1360 | D:2      | Found a shimmering altar of Xom.
  1501 | D:2      | Reached XP level 4. HP: 18/28 MP: 4/4
  1950 | D:2      | Noticed Robin
  1963 | D:2      | Killed Robin
  2134 | D:2      | Found a faded altar of an unknown god.
  2610 | D:3      | Reached skill level 5 in Maces & Flails
  2618 | D:3      | Reached XP level 5. HP: 20/32 MP: 5/5
  3308 | D:3      | Reached skill level 6 in Maces & Flails
  3497 | D:3      | Reached XP level 6. HP: 10/37 MP: 6/6
  4181 | D:4      | Noticed a steam dragon
  4181 | D:4      | Noticed a water moccasin
  4776 | D:4      | Reached skill level 7 in Maces & Flails
  4830 | D:4      | Reached XP level 7. HP: 28/41 MP: 7/7
  4947 | D:4      | Found a bloodstained altar of Trog.
  5583 | D:4      | Reached skill level 8 in Maces & Flails
  5638 | D:5      | Entered Level 5 of the Dungeon
  6224 | D:5      | Found Jueloyti's Armour Shop.
  6465 | D:5      | Reached skill level 9 in Maces & Flails
  6465 | D:5      | Reached XP level 8. HP: 34/46 MP: 8/8
  7079 | D:6      | Found a glowing drain.
  7108 | D:6      | Slain by a river rat

Illustrated notes

Levels and vault maps discovered:
D:1:      minmay_arrival_solitary_statue, layout_basic, minmay_tree_intersection
D:2:      layout_rooms, basic_altar, shapermc_ecumenical_altar_petra,
          minmay_worlds_worst_comb, uniq_robin
D:3:      minmay_recursive_quarters, layout_rooms
D:4:      kennysheep_big_flooded_room, layout_basic,
          mainiacjoe_overflow_24_doors, minmay_quantized
D:5:      layout_cave_pools, nicolae_take_the_stairs
D:6:      layout_basic, temple_fountains, cheibrodos_sewer_entry_sluice,
          uniq_edmund

Skill      XL: |  1  2  3  4  5  6  7 |
---------------+----------------------+-----
Maces & Flails | 3 4 5 6 7 9 |  9.8
Fighting       | |  3.2
Armour         | |  3.2
Shields        | |  3.2

Action                   |  1- 3 |  4- 6 |  7- 9 || total
-------------------------+-------+-------+-------++-------
Melee: Flail             |   131 |   319 |   145 ||   595
Throw: Dart              |       |       |     7 ||     7
Armor: Scale mail        |    68 |   163 |    75 ||   306
Dodge: Dodged            |    41 |   110 |    39 ||   190
Block: Kite shield       |    89 |   198 |    69 ||   356

Table legend: (Time is in decaauts)
 A = Elapsed time spent in this place.
 B = Non-inter-level travel time spent in this place.
 C = Inter-level travel time spent in this place.
 D = Time resting spent in this place.
 E = Time spent auto-exploring this place.
 F = Levels seen in this place.
 G = Mean time per level.
                   A        B        C        D        E       F      G
               +--------+--------+--------+--------+--------+-----+--------+
         Total |   7325 |   6985 |    340 |   1264 |   4423 |   6 | 1220.8 |
       Dungeon |   7325 |   6985 |    340 |   1264 |   4423 |   6 | 1220.8 |
               +--------+--------+--------+--------+--------+-----+--------+

Top non-repeatable levels by time:
     D:4: 2430 daAuts
     D:2: 1793 daAuts
     D:1: 1081 daAuts
     D:3: 1059 daAuts
     D:5: 860 daAuts
     D:6: 98 daAuts
